 Dungeon Crawl Stone Soup version 0.31-a0-459-gc8a9bf3d51 (webtiles) character file.

Game seed: 15549416147341375585

36520 MacCMillion the Fighter (level 13, -2/120 (122) HPs)
             Began as a Purple Draconian Shapeshifter on Aug 4, 2023.
             Was the Champion of Okawaru.
             Slain by a cane toad (12 damage)
             ... on level 5 of the Lair of Beasts.
             The game lasted 00:34:36 (21998 turns).

MacCMillion the Fighter (DrSh)                     Turns: 21998, Time: 00:34:37

HP:   -2/120 (122)  AC:  8    Str: 22    XL:     13   Next: 53%
MP:   18/18         EV: 19    Int: 13    God:    Okawaru [******]
Gold: 1062          SH:  0    Dex: 11    Spells: 12/12 levels left

rFire   x .          .
                       - Unarmed
rCold   + . .        (shield currently unavailable)
rNeg    . . .        (body armour unavailable)
rPois   .            Q - +0 hat {Int+3}
rElec   .            (no cloak)
rCorr   .            (gloves currently unavailable)
SInv    .            (no boots)
Will    +....        (no amulet)
Stlth   +            K - +5 ring of evasion
HPRegen 0.40/turn    B - ring of ice
MPRegen 0.16/turn

%: no passive effects
@: blade hands, lightly drained
A: breathe power, AC +8, unfitting armour, cold-blooded
a: Breathe Dispelling Energy, Begin Untransformation, Renounce Religion,
Heroism, Finesse, Duel


You were on level 5 of the Lair of Beasts.
You worshipped Okawaru.
Okawaru was exalted by your worship.
You had blades for hands.
You visited 2 branches of the dungeon, and saw 17 of its levels.
You also visited: Gauntlet and Ice Cave.

You collected 1062 gold pieces.

Inventory:

Missiles
 g - 5 silver javelins
 E - 4 throwing nets
 J - 50 poisoned darts
 L - 8 javelins
Armour
 G - a +0 cloak of stealth
 M - a +1 kite shield of cold resistance
 Q - a +0 hat of intelligence (worn)
 T - a +2 buckler
Jewellery
 i - a ring of positive energy
 x - an amulet of magic regeneration
 A - a ring of willpower
 B - a ring of ice (right blade hand)
 K - a +5 ring of evasion (left blade hand)
 W - a ring of protection from fire
 X - the ring of Satyriasis {AC+4 Int+3}
   (You took it off a minotaur in a Gauntlet)

   [ring of protection]

   AC:        It affects your AC (+4).
   Int:       It affects your intelligence (+3).
 Y - a ring of resist corrosion
Talismans
 b - a beast talisman
 w - a blade talisman (active)
 R - a serpent talisman
Wands
 F - a wand of polymorph (3)
 H - a wand of flame (24) (quivered)
 I - a wand of paralysis (11)
Scrolls
 f - 3 scrolls of enchant weapon
 j - 4 scrolls of teleportation
 l - 3 scrolls of noise
 m - 3 scrolls of immolation
 n - a scroll of brand weapon
 o - 5 scrolls of enchant armour
 p - 4 scrolls of amnesia
 v - 3 scrolls of fear
 y - 6 scrolls of fog
 O - 4 scrolls of identify
 P - a scroll of vulnerability {unknown}
 S - a scroll of revelation {unknown}
 U - a scroll of silence {unknown}
Potions
 a - 2 potions of lignification
 c - a potion of berserk rage {unknown}
 d - 3 potions of brilliance
 e - 3 potions of haste
 h - 4 potions of attraction
 k - 3 potions of curing
 q - 4 potions of mutation
 r - 4 potions of magic
 s - a potion of invisibility {unknown}
 t - 2 potions of ambrosia {unknown}
 u - 2 potions of cancellation {unknown}
 z - a potion of might {unknown}
 C - 3 potions of degeneration
 D - 3 potions of enlightenment {unknown}
 N - a potion of resistance {unknown}
Miscellaneous
 V - a lightning rod (4/4)


   Skills:
 + Level 13.1 Fighting
 + Level 7.5 Dodging
 * Level 12.8 Unarmed Combat
 + Level 7.9 Invocations
 - Level 10.8 Shapeshifting


You had 12 spell levels left.
You didn't know any spells.
Your spell library contained the following spells:

 Spells                   Type           Power      Damage    Failure   Level
 Magic Dart               Conj           0%         1d3       73%         1
 Sting                    Tmut/Pois      0%         1d3       73%         1
 Blink                    Tloc           0%         N/A       83%         2
 Cigotuvi's Dreadful Rot  Necr/Pois/Air  0%         N/A       83%         2
 Lesser Beckoning         Tloc           0%         N/A       83%         2
 Momentum Strike          Conj/Tloc      0%         3d8       83%         2
 Poisonous Vapours        Pois/Air       0%         N/A       83%         2
 Searing Ray              Conj           0%         2d4       83%         2
 Hailstorm                Conj/Ice       0%         3d3       95%         3
 Ignite Poison            Fire/Tmut/Pois 0%         N/A       95%         3
 Portal Projectile        Hex/Tloc       0%         N/A       95%         3
 Fulminant Prism          Conj/Hex       0%         3d5       100%        4
 Leda's Liquefaction      Hex/Erth       0%         N/A       100%        4
 Olgreb's Toxic Radiance  Pois           0%         N/A       100%        4
 Sticky Flame             Conj/Fire      0%         2d3       100%        4
 Borgnjor's Vile Clutch   Necr/Erth      0%         N/A       100%        5
 Freezing Cloud           Conj/Ice/Air   0%         6-21      100%        5
 Ozocubu's Refrigeration  Ice            0%         4d7       100%        7
 Ignition                 Fire           0%         3d3       100%        8
 Call Canine Familiar     Summ           Unusable   N/A       N/A         3
 Animate Dead             Necr           Unusable   N/A       N/A         4
 Summon Ice Beast         Ice/Summ       Unusable   N/A       N/A         4
 Death Channel            Necr           Unusable   N/A       N/A         6
 Simulacrum               Ice/Necr       Unusable   N/A       N/A         6

Dungeon Overview and Level Annotations

Branches:
Dungeon (12/15)            Temple (0/1) D:5            Lair (4/5) D:10
  Swamp (0/4) Lair:3       Spider (0/4) Lair:3        Slime (0/5) Lair:4
  IceCv (visited)         Gauntlet (visited)
    Orc: D:9-12

Altars:
Ashenzari
Dithmenos
Elyvilon
Kikubaaqudgha
Okawaru
Ru
Wu Jian
Xom
The Shining One
Jiyva

Shops:
D:9 =   D:11 *

Portals:
Trove: D:11 (give 5 scrolls of fear)

Annotations:
D:3 2 runed translucent doors
D:4 1 runed translucent door, confidenceinterval's ghost, amateur MfSh
D:5 3 runed translucent doors, Ethylacetat's ghost, novice VSMo
Lair:2 1 runed translucent door, 2 transporters, paps's ghost, journeyman DESu


Innate Abilities, Weirdness & Mutations

You have blades for hands.
Your spellcasting is less reliable in this form.
You are incapable of wielding weapons or throwing items.
You can breathe bolts of dispelling energy.
Your rich purple scales are hard. (AC +8)
You cannot fit into any form of body armour.
You are cold-blooded and may be slowed by cold attacks.


Message History

You feel much better. The black mamba closely misses you.
The komodo dragon bites you!
* * * LOW HITPOINT WARNING * * *
You slice the komodo dragon!!
You kill the komodo dragon!
Okawaru accepts your kill. The black mamba closely misses you.
The black mamba barely misses you.
You slice the black mamba!! Your slash misses the black mamba.
The black mamba is severely wounded.
The water moccasin barely misses you. The black mamba closely misses you.
You slice the black mamba!!
You kill the black mamba!
Okawaru accepts your kill.
The water moccasin completely misses you.
The hell rat twitches its whiskers.
The water moccasin bites you.
* * * LOW HITPOINT WARNING * * *
Unknown command.
You hit the water moccasin but do no damage.
You tail-slap the water moccasin, but do no damage.
Your slash misses the water moccasin.
The water moccasin is heavily wounded.
The hell rat misses you. The water moccasin misses you.
You shred the water moccasin!!!
You kill the water moccasin!
Okawaru accepts your kill.
You shred the water moccasin!!!
You kill the water moccasin!
Okawaru accepts your kill. The hell rat bites you.
* * * LOW HITPOINT WARNING * * *
You slice the hell rat!!
You kill the hell rat!
Okawaru accepts your kill. The cane toad stings you!
* * * LOW HITPOINT WARNING * * *
You are lethally poisoned!
The cane toad poisons you!
You feel better. The hell rat barely misses you. The cane toad stings you!
You die...

.... ...P
####..# #####
##....P##
#@r.###....PP.##
##Fr.##...S....#
#.S......P......
##.........#..
#......†..#
#.#..........#
###.##..#...P..#
#P........#P...
##........#....


You could see a cane toad, a water moccasin and 2 hell rats.

Vanquished Creatures
  Gastronok (D:11)
  An eleionoma (Lair:3)
  A minotaur (Gauntlet)
  3 hydras
  A two-headed ogre (D:11)
  Pikel (D:8)
  A necromancer (IceCv)
  A lindwurm (Lair:4)
  An ugly thing (D:11)
  4 black mambas
  An ice statue (IceCv)
  3 elephants (Gauntlet)
  An apocalypse crab (Gauntlet)
  A torpor snail (Gauntlet)
  An unseen horror (D:10)
  12 cane toads
  Maggie (Lair:2)
  Psyche (D:7)
  2 unseen horror zombies (D:10)
  An anaconda simulacrum (IceCv)
  A kobold demonologist (D:10)
  6 komodo dragons
  2 freezing wraiths (IceCv)
  17 ice devils
  4 trolls
  A hornet (Lair:2)
  A polar bear (Lair:3)
  6 blink frogs (Lair:1)
  3 shadows
  3 dire elephant simulacra (IceCv)
  5 vampires (D:10)
  4 wyverns
  20 yaks
  2 basilisks
  A redback (Lair:3)
  2 vampire mosquitoes (D:9)
  3 wraiths
  4 death yak simulacra (IceCv)
  A harpy simulacrum (IceCv)
  Menkaure (D:6)
  2 hydra simulacra (IceCv)
  8 water moccasins
  2 orc warriors
  A sky beast (D:7)
  2 black bears
  2 centaurs
  A phantom (D:5)
  Blork the orc (D:6)
  5 kobold brigands
  13 bullfrogs
  A gnoll sergeant (D:6)
  2 cane toad simulacra (IceCv)
  A scorpion (D:7)
  7 wights
  7 elephant simulacra (IceCv)
  8 killer bees
  2 howler monkeys (D:9)
  3 centaur zombies (D:10)
  2 hounds
  3 gnoll boudas
  5 orc priests
  7 orc wizards
  2 iguanas
  5 polar bear simulacra (IceCv)
  2 hell rats (Lair:5)
  3 troll simulacra (IceCv)
  2 wolf simulacra (IceCv)
  A spriggan simulacrum (IceCv)
  A howler monkey zombie (D:10)
  Robin (D:2)
  24 gnolls
  14 adders
  3 white imps
  3 ufetubi
  3 dart slugs
  19 orcs
  14 ball pythons
  7 bats
  4 endoplasms
  4 giant cockroaches
  14 goblins
  8 hobgoblins
  3 frilled lizards
  A hobgoblin zombie (D:5)
  24 kobolds
  2 kobold zombies (D:5)
  An orc zombie (D:5)
  10 rats
386 creatures vanquished.

Vanquished Creatures (others)
  An orc (D:12)
1 creature vanquished.

Grand Total: 387 creatures vanquished

Notes
Turn   | Place    | Note
-------+----------+-------------------------------------------
     0 | D:1      | MacCMillion the Draconian Shapeshifter began the quest for
                  | the Orb.
     0 | D:1      | Reached XP level 1. HP: 16/16 MP: 1/1
   310 | D:1      | Reached XP level 2. HP: 23/23 MP: 2/2
   534 | D:1      | Reached skill level 2 in Fighting
  1097 | D:2      | Found a faded altar of an unknown god.
  1100 | D:2      | Reached XP level 3. HP: 29/29 MP: 3/3
  1410 | D:2      | Noticed Robin
  1440 | D:2      | Killed Robin
  1441 | D:2      | Reached XP level 4. HP: 21/37 MP: 4/4
  2049 | D:2      | Reached skill level 3 in Fighting
  2377 | D:3      | Reached skill level 5 in Unarmed Combat
  2377 | D:3      | Reached XP level 5. HP: 45/45 MP: 5/5
  2419 | D:3      | Found a large runed translucent door.
  2419 | D:3      | Found a large runed translucent door.
  2421 | D:3      | Found a shimmering altar of Xom.
  2711 | D:3      | Found a faded altar of an unknown god.
  2711 | D:3      | Found an iron altar of Okawaru.
  2717 | D:3      | Found an ancient bone altar of Kikubaaqudgha.
  2720 | D:3      | Became a worshipper of Warmaster Okawaru
  2724 | D:3      | Found a broken altar of Ashenzari.
  2726 | D:3      | Found a faded altar of an unknown god.
  2863 | D:4      | Found a shimmering altar of Xom.
  3223 | D:4      | Found a glowing golden altar of the Shining One.
  3256 | D:4      | Noticed confidenceinterval's ghost (amateur MfSh)
  3481 | D:4      | Found a runed translucent door.
  3740 | D:5      | Entered Level 5 of the Dungeon
  3794 | D:5      | Reached XP level 6. HP: 28/52 MP: 6/6
  4061 | D:5      | Found a staircase to the Ecumenical Temple.
  4150 | D:5      | Reached skill level 4 in Fighting
  4603 | D:5      | Found a runed translucent gate.
  4603 | D:5      | Noticed Ethylacetat's ghost (novice VSMo)
  4604 | D:5      | Found a runed translucent gate.
  4604 | D:5      | Noticed an orc warrior
  4605 | D:5      | Found a runed translucent gate.
  4605 | D:5      | Identified the +0 chain mail "Xeipsi Qocan" {rElec rC+
                  | Int-2 Stlth+}
  4638 | D:5      | Reached * piety under Okawaru
  4678 | D:5      | Noticed a yak
  4678 | D:5      | Noticed a yak
  4678 | D:5      | Noticed a yak
  4714 | D:5      | Killed a yak
  4715 | D:5      | Reached skill level 5 in Fighting
  4715 | D:5      | Your scales start taking on a rich purple colour.
  4715 | D:5      | Reached XP level 7. HP: 34/61 MP: 7/7
  5267 | D:6      | Found an ornate altar of the Wu Jian Council.
  5314 | D:6      | Noticed Blork the orc
  5323 | D:6      | Killed Blork the orc
  5358 | D:6      | Noticed Menkaure
  5644 | D:6      | Killed Menkaure
  5644 | D:6      | Reached ** piety under Okawaru
  6345 | D:6      | Reached skill level 6 in Fighting
  6346 | D:6      | Reached XP level 8. HP: 42/70 MP: 8/8
  8107 | D:7      | Reached skill level 5 in Shapeshifting
  8456 | D:8      | Noticed Psyche
  8524 | D:7      | Killed Psyche
  8524 | D:7      | Reached *** piety under Okawaru
  8802 | D:8      | Reached XP level 9. HP: 72/75 MP: 9/9
  9069 | D:8      | Noticed Pikel
  9079 | D:8      | Killed Pikel
  9349 | D:8      | Reached **** piety under Okawaru
  9352 | D:8      | Found a white marble altar of Elyvilon.
 10308 | D:9      | Reached XP level 10. HP: 75/84 MP: 7/10
 10322 | D:9      | Reached skill level 7 in Fighting
 10502 | D:9      | Found a sacrificial altar of Ru.
 10678 | D:9      | Found Doahaat's Jewellery Emporium.
 11139 | D:9      | Reached skill level 8 in Fighting
 11361 | D:10     | Entered Level 10 of the Dungeon
 11381 | D:9      | Reached ***** piety under Okawaru
 11463 | D:10     | Reached skill level 10 in Unarmed Combat
 11612 | D:10     | Reached skill level 9 in Fighting
 12069 | D:10     | Reached XP level 11. HP: 92/99 MP: 11/11
 12114 | D:10     | Reached skill level 10 in Fighting
 12696 | D:10     | Found a shadowy altar of Dithmenos.
 12717 | D:10     | Found a staircase to the Lair.
 13063 | D:10     | HP: 1/99 [something (16)]
 13590 | D:10     | Received a gift from Okawaru
 13860 | D:11     | Noticed a cyan ugly thing
 13872 | D:11     | Killed a cyan ugly thing
 14024 | D:11     | Noticed a two-headed ogre
 14042 | D:11     | Killed a two-headed ogre
 14292 | D:11     | Found Aeir's Alliterative Armaments.
 14380 | D:11     | Found a portal to a secret trove of treasure.
 14575 | D:11     | Noticed Gastronok
 14598 | D:11     | Killed Gastronok
 14884 | D:12     | Noticed a deep elf pyromancer
 14998 | Lair:1   | Entered Level 1 of the Lair of Beasts
 15064 | Lair:1   | Received a gift from Okawaru
 15064 | Lair:1   | Found the +12 glaive of Prune {freeze, Prune}
 15065 | Lair:1   | Reached skill level 11 in Fighting
 15231 | Lair:1   | Reached XP level 12. HP: 76/110 MP: 12/12
 15254 | Lair:1   | Found a gate leading to a gauntlet.
 15261 | Lair:1   | Reached skill level 5 in Dodging
 15261 | Lair:1   | Reached skill level 10 in Shapeshifting
 15279 | Gauntlet | Entered a Gauntlet
 15279 | Gauntlet | Found a transporter.
 15279 | Gauntlet | Found a transporter.
 15552 | Gauntlet | Found a transporter.
 15562 | Gauntlet | Found a transporter.
 15562 | Gauntlet | Found a transporter.
 15564 | Gauntlet | Found a transporter.
 15564 | Gauntlet | Found a transporter.
 15565 | Gauntlet | Found a transporter.
 15576 | Gauntlet | Found a transporter.
 15584 | Gauntlet | Noticed a ghost crab
 15592 | Gauntlet | Found a transporter.
 15602 | Gauntlet | Found a transporter.
 15616 | Gauntlet | Found a transporter.
 15636 | Gauntlet | Found a transporter.
 15637 | Gauntlet | Noticed a catoblepas
 15648 | Gauntlet | Found a transporter.
 15677 | Gauntlet | Reached ****** piety under Okawaru
 15694 | Gauntlet | Identified the +5 arbalest of False Accusations {heavy, rC-
                  | rCorr Int+2} (Okawaru gifted it to you in a Gauntlet)
 15694 | Gauntlet | Received a gift from Okawaru
 16126 | Gauntlet | Identified the +1 plate armour of the Land of Plenty {rElec
                  | Str+3 Int+2}
 16126 | Gauntlet | Identified the ring of Satyriasis {AC+4 Int+3}
 16126 | Gauntlet | Noticed a minotaur
 16139 | Gauntlet | Killed a minotaur
 16534 | Gauntlet | Identified the +0 leather armour of the Nexus {Regen+ Int+3
                  | SInv}
 16535 | Gauntlet | Got the Incunabulum of the Chilling Pyre
 17036 | Lair:2   | Reached skill level 12 in Fighting
 17681 | Lair:2   | Noticed a six-headed hydra
 17690 | Lair:2   | Killed a six-headed hydra
 17883 | Lair:2   | Noticed a catoblepas
 17904 | Lair:2   | Found a runed translucent door.
 18037 | Lair:2   | Found a transporter.
 18040 | Lair:2   | Noticed a seven-headed hydra
 18051 | Lair:2   | Killed a seven-headed hydra
 18120 | Lair:2   | Noticed paps's ghost (journeyman DESu)
 18122 | Lair:2   | Noticed a death yak
 18231 | Lair:2   | Noticed Maggie
 18239 | Lair:2   | Killed Maggie
 18241 | Lair:2   | Found a transporter.
 18244 | Lair:2   | Received a gift from Okawaru
 18757 | Lair:3   | Reached skill level 1 in Invocations
 18873 | Lair:3   | Noticed a four-headed hydra
 18890 | Lair:3   | Killed a four-headed hydra
 18934 | Lair:3   | Found a staircase to the Swamp.
 18934 | Lair:3   | Noticed an eleionoma
 18943 | Lair:3   | Killed an eleionoma
 19121 | Lair:3   | Found a hole to the Spider Nest.
 19174 | Lair:3   | Reached skill level 5 in Invocations
 19566 | Lair:4   | Reached XP level 13. HP: 119/119 MP: 17/17
 19596 | Lair:4   | Found a viscous altar of Jiyva.
 19597 | Lair:4   | Found a staircase to the Slime Pits.
 19786 | Lair:4   | Found a frozen archway.
 19976 | IceCv    | Entered an ice cave
 20688 | IceCv    | Found an ancient bone altar of Kikubaaqudgha.
 20715 | IceCv    | Received a gift from Okawaru
 21678 | IceCv    | Reached skill level 13 in Fighting
 21962 | Lair:4   | You fall into a shaft and drop 1 floor!
 21962 | Lair:5   | Entered Level 5 of the Lair of Beasts
 21997 | Lair:5   | HP: 1/120 [cane toad (8)]
 21998 | Lair:5   | Slain by a cane toad

Illustrated notes

Levels and vault maps discovered:
D:1:      shiori_shiawase, layout_basic, hangedman_decor_points
D:2:      layout_basic, ebering_ecumenical_altar_abandoned,
          minmay_snake_closets, uniq_robin
D:3:      due_chaos_kobolds, layout_rooms, chequers_temple_overflow_minitemple,
          small_statue_intersection, saegor_snake_ambush
D:4:      layout_basic, mainiacjoe_overflow_tiny_flanked,
          overflow_temple_1_default, hellmonk_ghost_happy_afterlife
D:5:      layout_loops_ring, minmay_temple_entry_fiery,
          biasface_ghost_orc_armoury, minmay_misc_feat_encased,
          minmay_mini_ossuary
D:6:      layout_layer_cave, nzn_wu_jian_contemplation, uniq_blork_the_orc,
          uniq_menkaure
D:7:      layout_gridville
D:8:      layout_loops_ring, mainiacjoe_overflow_cross_hatched, uniq_pikel,
          uniq_psyche
D:9:      layout_loops_ring, kennysheep_mini_moat, serial_shops,
          nicolae_shop_statue_plus
D:10:     layout_basic, kennysheep_little_box, david_lair_generic,
          serial_undead, serial_undead_a, serial_undead_f, serial_undead_d,
          serial_undead_b
D:11:     layout_basic, enter_trove_0, minivault_22, monkooky_shop_alliterative,
          uniq_gastronok
D:12:     hellmonk_paralyzer, layout_rooms, erik_orc_1, uniq_nessos
Lair:1:   layout_hall_layers, gauntlet_entry_generic, st_stairs_12
Lair:2:   gammafunk_lair_enchanted_lake, layout_regular_city,
          gammafunk_ghost_arena, grunt_forest_small_clearing_treed,
          serial_bayou_shore_b, uniq_maggie
Lair:3:   layout_regular_city, alex1729_swamp_entry_worm_eleionoma,
          spider_nest_entry_webs
Lair:4:   layout_layer_cave, slime_entry_1, portal_ice_cave_demonic_guard,
          grunt_megastairs_2
Lair:5:   hangedman_lair_tendril_chambers, layout_misc_corridors

Skill      XL: |  1  2  3  4  5  6  7  8  9 10 11 12 13 |
---------------+----------------------------------------+-----
Fighting       | 2 3 5 6 9 11 12 13 | 13.1
Unarmed Combat | 4 5 7 8 9 11 12 | 12.8
Shapeshifting  | 6 9 10 | 10.8
Dodging        | 4 6 7 |  7.5
Invocations    | 5 7 |  7.9

Action                     |  1- 3 |  4- 6 |  7- 9 | 10-12 | 13-15 || total
---------------------------+-------+-------+-------+-------+-------++-------
  Melee: Unarmed           |    93 |   212 |   242 |   427 |   194 ||  1168
         Tailslap          |    11 |    14 |    34 |    59 |    43 ||   161
         Punch             |     3 |     6 |    17 |    27 |    19 ||    72
         Constrict         |       |       |       |    25 |       ||    25
  Throw: Dart              |       |       |     3 |    14 |       ||    17
 Invoke: Heroism           |       |       |     1 |     3 |       ||     4
         Finesse           |       |       |       |     1 |       ||     1
Ability: Breathe Dispellin |       |       |     3 |     4 |       ||     7
  Evoke: Wand              |       |       |       |     6 |     5 ||    11
    Use: Scroll            |       |       |    15 |     2 |       ||    17
         Potion            |       |       |       |     5 |     2 ||     7
   Stab: Distracted        |       |       |     1 |       |       ||     1
         Sleeping          |       |       |       |     1 |       ||     1
 Armour: Skin              |    27 |    65 |    42 |   128 |    28 ||   290
  Dodge: Dodged            |    51 |   120 |   104 |   325 |   106 ||   706
   Form: Blade             |       |       |       |     2 |       ||     2
         Anaconda          |       |       |       |     1 |       ||     1

Table legend: (Time is in decaauts)
 A = Elapsed time spent in this place.
 B = Non-inter-level travel time spent in this place.
 C = Inter-level travel time spent in this place.
 D = Time resting spent in this place.
 E = Time spent auto-exploring this place.
 F = Levels seen in this place.
 G = Mean time per level.
                   A        B        C        D        E       F      G
               +--------+--------+--------+--------+--------+-----+--------+
         Total |  21850 |  21048 |    802 |   7429 |   9912 |  19 | 1150.0 |
       Dungeon |  14913 |  14201 |    712 |   4362 |   7628 |  12 | 1242.8 |
          Lair |   3759 |   3670 |     89 |   1021 |   1835 |   5 |  751.8 |
      Ice Cave |   1919 |   1919 |      0 |   1079 |    287 |   1 | 1919.0 |
      Gauntlet |   1257 |   1257 |      0 |    967 |    161 |   1 | 1257.0 |
               +--------+--------+--------+--------+--------+-----+--------+

Top non-repeatable levels by time:
    D:10: 2261 daAuts
     D:6: 1938 daAuts
     D:7: 1932 daAuts
   IceCv: 1919 daAuts
  Lair:2: 1793 daAuts
     D:5: 1527 daAuts
Gauntlet: 1257 daAuts
     D:9: 1243 daAuts
     D:2: 1146 daAuts
     D:8: 1141 daAuts
    D:11: 1121 daAuts
     D:1: 1092 daAuts
     D:3: 861 daAuts
  Lair:3: 836 daAuts
  Lair:1: 653 daAuts
